Match 45107150
Unlisted

Match 45107150
End
Construct Infanterie Kompanie
Grenadier Squad
GrW 34 Mortar Team
MG 42 Machine Gun Team
Construct Panzergrenadier Kompanie
251 Medium Carrier
Panzergrenadier Squad
Selects Mechanized Battlegroup
Selects Mobile Repair Stations
Pak 40 Anti-tank Gun Team
Pak 40 Anti-tank Gun Team
Selects Raid Package
Medical Station
251 Medium Carrier
Panzergrenadier Squad
De@d€ye
Izuku
IronDragon
Zero
polo2B
Ursa Major
Nap
GramJam
0
0

Comments sign in to comment!

No comments posted yet!